 Dungeon Crawl Stone Soup version 0.29.1-13-g9f3cf754e1 (webtiles) character file.

Game seed: 5450762412874717683

34 leafyfresh the Gusty (level 3, -2/19 HPs)
             Began as a Tengu Air Elementalist on Feb 1, 2023.
             Slain by a kobold
             ... wielding a +0 whip
              (3 damage)
             ... on level 2 of the Dungeon.
             The game lasted 00:01:19 (953 turns).

leafyfresh the Gusty (Tengu Air Elementalist)        Turns: 953, Time: 00:01:19

Health: -2/19      AC:  8    Str:  8    XL:     3   Next: 31%
Magic:  7/7        EV: 10    Int: 17    God:
Gold:   61         SH:  0    Dex: 14    Spells: 5/6 levels left

rFire   . . .      SeeInvis .   c - +0 dagger
rCold   . . .      Faith    .   (no shield)
rNeg    . . .      Spirit   .   k - +3 ring mail
rPois   .          Reflect  .   (helmet restricted)
rElec   .          Harm     .   (no cloak)
rCorr   .          Rampage  .   (no gloves)
Will    .....                   (boots unavailable)
Stlth   +.........              (no amulet)
HPRegen 0.06/turn               (no ring)
MPRegen 0.10/turn               (no ring)

@: brilliant, lethally poisoned (-2 -> -5), attractive
A: beak, talons 3
a: no special abilities


You were on level 2 of the Dungeon.
You visited 1 branch of the dungeon, and saw 2 of its levels.

You collected 61 gold pieces.

Inventory:

Hand Weapons
 c - a +0 dagger (weapon)
Missiles
 f - a throwing net
Armour
 a - a +0 robe
 k - a +3 ring mail (worn)
Scrolls
 e - 2 scrolls of identify {unknown}
 i - a scroll of noise {unknown}
Potions
 b - a potion of magic
 g - a potion of brilliance
 h - a potion of berserk rage {unknown}
 j - a potion of might {unknown}
 l - a potion of lignification {unknown}


   Skills:
 - Level 2.3 Dodging
 - Level 2.1 Stealth
 + Level 2.4 Spellcasting
 + Level 2.4 Conjurations
 + Level 4.5 Air Magic


You had 5 spell levels left.
You knew the following spells:

 Your Spells              Type           Power      Damage    Failure   Level
a - Shock                 Conj/Air       84%        1d8       14%         1

Your spell library contained the following spells:

 Spells                   Type           Power      Damage    Failure   Level
 Static Discharge         Conj/Air       21%        3-6/arc   21%         2
 Swiftness                Air            26%        N/A       26%         3
 Airstrike                Air            13%        2d(2-18)  65%         4


Dungeon Overview and Level Annotations

Branches:
Dungeon (2/15)

Altars:


Innate Abilities, Weirdness & Mutations

You have a beak for a mouth.
You have claws for feet.


Message History

The adder closely misses you. The kobold hits you but does no damage.
You hit the adder. You claw the adder, but do no damage.
Your peck misses the adder.
The adder is heavily wounded.
The adder bites you but does no damage. The kobold barely misses you.
You hit the adder.
The adder is severely wounded.
The adder barely misses you. The kobold hits you but does no damage.
You closely miss the adder. Your kick misses the adder.
Your peck misses the adder.
The adder is severely wounded.
The adder bites you.
You are poisoned.
The adder poisons you! The adder closely misses you.
The kobold closely misses you.
You barely miss the adder. Your kick misses the adder.
The adder is severely wounded.
You feel sick. The adder bites you.
You are lethally poisoned!
The adder poisons you! The kobold closely misses you.
Unknown command.
You hit the adder. Your peck misses the adder.
The adder is almost dead.
You feel sick. The adder bites you. The kobold closely misses you.
You hit the adder.
You kill the adder!
* * * LOW HITPOINT WARNING * * *
You feel sick. The kobold closely misses you.
* * * LOW HITPOINT WARNING * * *
You feel sick. The kobold hits you but does no damage.
You see here an adder corpse.
It was a potion of brilliance.
You feel clever all of a sudden.
* * * LOW HITPOINT WARNING * * *
You feel sick. The kobold closely misses you.
It was a potion of attraction.
You feel attractive to monsters.
* * * LOW HITPOINT WARNING * * *
You feel sick. The kobold hits you with a +0 whip.
You die...

#. #. #. #. #.#### .#
######....##### ...#
............... ..#
#.@K<# #####$.#
#####.#.## #... ..#
........####.# ##.##
##...........# #...#
.........?.#.###<..###
#$......###...........#
###.#... #...........#
#..... #...........#
#..(........###....##


You could see a kobold.

Vanquished Creatures
  An adder (D:2)
  A dart slug (D:1)
  2 ball pythons (D:1)
  3 bats (D:1)
  An endoplasm (D:1)
  3 goblins (D:1)
  A hobgoblin (D:1)
  4 kobolds (D:1)
  4 frilled lizards (D:1)
  4 rats (D:1)
24 creatures vanquished.

Notes
Turn   | Place    | Note
-------+----------+-------------------------------------------
     0 | D:1      | leafyfresh the Tengu Air Elementalist began the quest for
                  | the Orb.
     0 | D:1      | Reached XP level 1. HP: 10/10 MP: 4/4
    73 | D:1      | Reached XP level 2. HP: 12/15 MP: 6/6
   150 | D:1      | Found a faded altar of an unknown god.
   595 | D:1      | Reached XP level 3. HP: 19/19 MP: 7/7
   953 | D:2      | Slain by a kobold

Illustrated notes

Levels and vault maps discovered:
D:1:      psy_arrival_dodecagon, layout_basic, chequers_ecumenical_altar_island
D:2:      layout_loops_ring

Skill      XL: |  1  2 |
---------------+-------+-----
Conjurations   | 2 |  2.4
Dodging        | |  2.3
Stealth        | |  2.1
Spellcasting   | |  2.4
Air Magic      | |  4.5

Action                   || total
-------------------------++-------
Melee: Unarmed           ||     8
       Peck              ||     9
       Dagger            ||    41
       Kick              ||     9
 Cast: Shock             ||     4
  Use: Potion            ||     2
 Stab: Sleeping          ||     5
Armor: Robe              ||     5
       Ring mail         ||    10
Dodge: Dodged            ||    30
